 Dungeon Crawl Stone Soup version 0.30-a0-989-g0d87f670db (webtiles) character file.

Game seed: 15464454497645388498

69503 Lobster4 the Destroyer (level 14, -2/122 HPs)
             Began as a Pale Draconian Conjurer on Apr 3, 2023.
             Was a High Priest of Nemelex Xobeh.
             Slain by a sun demon (12 damage)
             ... summoned by the player character
             ... on level 10 of the Dungeon.
             The game lasted 01:36:25 (31646 turns).

Lobster4 the Destroyer (Pale Draconian Conjurer)   Turns: 31646, Time: 01:36:25

Health: -2/122     AC: 16    Str:  9    XL:     14   Next: 90%
Magic:  4/27       EV: 18    Int: 19    God:    Nemelex Xobeh [*****.]
Gold:   2439       SH:  0    Dex: 21    Spells: 19/31 levels left

rFire   . . .      SeeInvis .    i - +4 trident (freeze)
rCold   . . .      Faith    .    (no shield)
rNeg    . . .      Spirit   .    (body armour unavailable)
rPois   .          Reflect  .    t - +2 hat
rElec   .          Rampage  .    h - +2 cloak
rCorr   +                        j - +2 pair of gloves
Will    +++..                    (no boots)
Stlth   ++                       P - amulet "Lucoj" {Acrobat Will++ rCorr Int-2 Slay+3}
HPRegen 0.40/turn                y - +4 ring of slaying
MPRegen 0.20/turn                W - +6 ring of dexterity

@: about to teleport
A: breathe steam, AC +8, unfitting armour, cold-blooded, steam resistance, agile
1, noise suppression
a: Breathe Steam, Renounce Religion, Draw Escape, Draw Destruction, Draw
Summoning, Triple Draw, Deal Four, Stack Five


You were on level 10 of the Dungeon.
You worshipped Nemelex Xobeh.
Nemelex Xobeh was extremely pleased with you.
You visited 4 branches of the dungeon, and saw 19 of its levels.
You also visited: Volcano.

You collected 2439 gold pieces.

Inventory:

Hand Weapons
 d - a +3 shortbow of flaming
 i - a +4 trident of freezing (weapon)
 O - a +1 falchion of freezing
 R - a +5 dagger of freezing
 U - a +0 sling of draining
Missiles
 l - 5 javelins
 m - 41 poisoned darts (quivered)
 x - 20 boomerangs
 D - 4 throwing nets
Armour
 h - a +2 cloak (worn)
 j - a +2 pair of gloves (worn)
 t - a +2 hat (worn)
Magical Staves
 e - a staff of fire
 K - a staff of earth
Jewellery
 o - a ring of ice
 y - a +4 ring of slaying (left hand)
 H - a ring of ice
 I - a ring of fire
 P - the amulet "Lucoj" (around neck) {Acrobat Will++ rCorr Int-2 Slay+3}
   (You acquired it on level 10 of the Dungeon)

   [amulet of the acrobat]

   It increases your evasion while moving and waiting.
   Int:       It affects your intelligence (-2).
   Slay:      It affects your accuracy & damage with ranged weapons and melee
   (+3).
   rCorr:     It protects you from acid and corrosion.
   Will:      It greatly increases your willpower.
 W - a +6 ring of dexterity (right hand)
Wands
 B - a wand of digging (14)
 F - a wand of polymorph (19)
 L - a wand of quicksilver (3)
 Q - a wand of flame (26)
 Z - a wand of mindburst (9)
Scrolls
 b - 5 scrolls of enchant armour
 c - 2 scrolls of magic mapping
 p - 8 scrolls of teleportation
 r - a scroll of blinking
 s - 3 scrolls of fog
 z - 3 scrolls of enchant weapon
 A - 5 scrolls of identify
 G - a scroll of acquirement
 J - 2 scrolls of butterflies
 N - a scroll of immolation
 T - 3 scrolls of brand weapon
 Y - a scroll of silence
Potions
 a - 2 potions of magic
 f - a potion of mutation
 g - 6 potions of ambrosia
 k - 2 potions of might
 n - 3 potions of brilliance
 q - 6 potions of cancellation
 u - a potion of berserk rage
 v - 5 potions of flight
 w - 2 potions of lignification
 C - 8 potions of heal wounds
 E - 6 potions of curing
 S - 2 potions of haste


   Skills:
 + Level 10.5 Fighting
 - Level 2.0 Short Blades
 - Level 7.0 Polearms
 - Level 3.0 Throwing
 + Level 9.0 Dodging
 - Level 1.7 Stealth
 + Level 5.3 Shields
 + Level 9.1 Spellcasting
 + Level 10.6 Conjurations
 * Level 10.3 Necromancy
 - Level 3.0 Fire Magic
 * Level 10.4 Earth Magic
 - Level 7.0 Invocations
 - Level 3.0 Evocations


You had 19 spell levels left.
You knew the following spells:

 Your Spells              Type           Power      Damage    Failure   Level
a - Magic Dart            Conj           100%       1d8       1%          1
b - Searing Ray           Conj           98%        2d8       1%          2
c - Borgnjor's Vile Clut  Necr/Erth      24%        N/A       3%          5
d - Iskenderun's Mystic   Conj/Tloc      29%        2d7       9%          4

Your spell library contained the following spells:

 Spells                   Type           Power      Damage    Failure   Level
 Necrotise                Necr           100%       1d9       1%          1
 Dispel Undead            Necr           48%        3d18      1%          4
 Dazzling Flash           Conj/Hex       58%        N/A       2%          3
 Cigotuvi's Dreadful Rot  Necr/Pois/Air  42%        N/A       3%          2
 Fulminant Prism          Conj/Hex       14%        3d9       9%          4
 Leda's Liquefaction      Hex/Erth       14%        N/A       10%         4
 Inner Flame              Hex/Fire       14%        N/A       13%         3
 Ignite Poison            Fire/Tmut/Pois 12%        N/A       16%         3
 Kindle Blastsparks       Fire/Tloc/Air  24%        2d12      16%         3
 Death Channel            Necr           24%        N/A       19%         6
 Call Canine Familiar     Summ           8%         N/A       24%         3
 Portal Projectile        Hex/Tloc       16%        N/A       24%         3
 Freezing Cloud           Conj/Ice/Air   11%        6-21      45%         5
 Cause Fear               Hex            4%         N/A       63%         4
 Discord                  Hex            4%         N/A       100%        8
 Death's Door             Necr           24%        N/A       100%        9


Dungeon Overview and Level Annotations

Branches:
Dungeon (11/15)            Temple (1/1) D:4            Lair (5/5) D:10
  Swamp (0/4) Lair:2       Spider (0/4) Lair:3        Slime (0/5) Lair:5
    Orc (2/2) D:11            Elf (0/3) Orc:2       Volcano (visited)

Altars:
Ashenzari
Cheibriados
Dithmenos
Elyvilon
Fedhas
Gozag
Hepliaklqana
Kikubaaqudgha
Makhleb
Nemelex Xobeh
Okawaru
Qazlal
Ru
Sif Muna
Trog
Uskayaw
Vehumet
Wu Jian
Xom
Yredelemnul
Zin
The Shining One
Jiyva

Shops:
Orc:2 [(**

Annotations:
D:6 2 transporters, pigah's ghost, amateur OpWn
D:7 1 runed translucent door, Bediveer's ghost, amateur TrMo
D:10 1 runed translucent door, exclusion: shining eye
D:11 1 exclusion


Innate Abilities, Weirdness & Mutations

You can breathe blasts of scalding, opaque steam.
Your pale cyan-grey scales are hard. (AC +8)
You cannot fit into any form of body armour.
You are cold-blooded and may be slowed by cold attacks.
You are immune to the effects of steam.
You are agile. (Dex +4, Str/Int -1)
You passively dampen the noise of your surroundings.


Message History

The arrow barely misses you.
The tengu warrior closely misses your rakshasa.
The tengu warrior pecks your rakshasa. The tengu warrior claws your rakshasa.
The sun demon completely misses you.
The centaur warrior shoots an arrow.
The arrow hits your rakshasa!!
The injured rakshasa weaves a defensive illusion!
The centaur warrior shoots an arrow.
The arrow barely misses your rakshasa. The arrow closely misses your rakshasa.
The arrow completely misses you.
Your rakshasa gestures at the tengu warrior.
The lance of force hits the tengu warrior!!
The tengu warrior dies!
Your rakshasa gestures at the sun demon.
The lance of force hits the sun demon!
The sun demon is knocked back by the lance of force.
The sun demon slams into the stone wall!
The sun demon is moderately wounded.
Your rakshasa hits the centaur warrior from afar with a +0 trident!!
The centaur warrior shoots an arrow.
The arrow hits your rakshasa!
Your rakshasa dies!
Your rakshasa shimmers and vanishes!
Your rakshasa hits the centaur warrior with a +0 trident.
The centaur warrior dies!
Your rakshasa barely misses the sun demon.
Your rakshasa gestures at the sun demon.
The lance of force hits the sun demon.
The sun demon is knocked back by the lance of force.
The sun demon slams into the stone wall!
The sun demon is heavily wounded.
There is an open door here.
A sun demon is nearby!
The sun demon attacks as you move away! The sun demon closely misses you.
There is an open translucent door, spattered with blood here.
Things that are here:
a +0 battleaxe; a +0 chain mail
As you read the scroll of teleportation, it crumbles to dust.
You feel strangely unstable. The sun demon hits you!!
* * * LOW HITPOINT WARNING * * *
You are engulfed in flames!
You die...
Your body disappears without a glow.

.############################)...
.#############).## #....
.#.##.#.#..#..##.# #....
##.##..#.#.#.###.# #....
#...###.#.#..# #.# ##....
#...##.##.##.###.### #.....
..#..###)#..####'### ..###.....
.....##.#.#.###)(.## Q###......
.#.#..###..####)@.## =###......
..[...##.######3.)### .##.......
#.#.#..##.###R'...+.# .##......#
.......##.##.#######.# .#.......#
#######'##'##R#########'#.......#
.###.###.##.##.R..)..).##.......#
.........##.##....)....#........#
####.#####...##.......##........#
#.......##.#.##.......#.........#


You could see a sun demon (summoned, ally target) and 2 friendly rakshasas.

Vanquished Creatures
  Jorgrun (Orc:1)
  Donald (Orc:2)
  A fire dragon (Lair:5)
  Fannar (Lair:2)
  7 hydras
  Harold (Orc:1)
  A centaur warrior (Volcano)
  2 two-headed ogres
  6 death yaks
  A death knight (D:10)
  A boulder beetle (Lair:4)
  A tengu warrior (D:10)
  4 orc high priests (Orc:2)
  A hell knight (Volcano)
  A deep elf knight (D:10)
  A skyshark (Lair:3)
  Amaemon (Lair:2)
  Pikel (D:5)
  2 bog bodies (Lair:2)
  A lindwurm (Lair:5)
  A deep elf pyromancer (D:11)
  An ugly thing (D:11)
  3 cyclopes
  A shining eye (D:10)
  5 elephants (Lair:3)
  Joseph (D:8)
  2 black mambas
  3 molten gargoyles (Lair:5)
  2 gargoyles (D:10)
  An orange demon (Lair:2)
  11 cane toads
  Psyche (D:10)
  2 kobold demonologists (D:11)
  8 rime drakes
  2 unseen horrors (D:11)
  15 komodo dragons
  A yaktaur (Volcano)
  2 polar bears
  A hornet (D:11)
  3 trolls
  17 blink frogs
  Sigmund (D:4)
  A culicivora (Orc:2)
  2 shadows (D:10)
  A vampire (D:10)
  8 wyverns
  A spriggan (D:10)
  2 wraiths
  4 basilisks (Lair:5)
  33 yaks
  16 steam dragons
  A redback (Lair:3)
  3 vampire mosquitoes (D:11)
  2 wargs
  Edmund (D:4)
  6 water moccasins
  7 hell hounds
  28 orc warriors
  An ice beast (D:8)
  3 black bears
  A sky beast (D:7)
  8 ogres
  9 centaurs
  16 wolves
  A lemure (D:5)
  2 kobold brigands
  15 bullfrogs
  A scorpion (D:5)
  18 wights
  2 howler monkeys (D:6)
  14 killer bees
  4 electric eels
  5 lava snakes (Lair:5)
  5 hounds
  8 jellies
  3 gnoll boudas
  25 orc priests
  Jessica (D:3)
  6 iguanas
  Ijyb (D:3)
  Natasha (thrice) (D:3)
  16 orc wizards
  7 hell rats (Lair:4)
  13 gnolls
  3 adders
  A shadow imp (D:8)
  3 white imps
  2 ufetubi
  3 worms
  2 dart slugs (D:1)
  75 orcs
  2 ball pythons
  11 bats
  5 endoplasms
  4 giant cockroaches
  13 goblins
  8 hobgoblins
  5 jackals
  15 kobolds
  4 quokkas
  2 frilled lizards (D:1)
  4 rats
  A butterfly (Lair:5)
587 creatures vanquished.

Vanquished Creatures (collateral kills)
  A centaur warrior (D:10)
  2 orc high priests (Orc:2)
  A tengu warrior (D:10)
  2 orc knights (Orc:2)
  2 orc warriors (Orc:2)
8 creatures vanquished.

Vanquished Creatures (others)
  A steam dragon (Lair:3)
  A gnoll (D:9)
  27 fungi
  33 plants
62 creatures vanquished.

Grand Total: 657 creatures vanquished

Notes
Turn   | Place    | Note
-------+----------+-------------------------------------------
     0 | D:1      | Lobster4 the Draconian Conjurer began the quest for the
                  | Orb.
     0 | D:1      | Reached XP level 1. HP: 14/14 MP: 3/3
   226 | D:1      | Found a faded altar of an unknown god.
   261 | D:1      | Reached XP level 2. HP: 22/22 MP: 3/5
   330 | D:1      | Learned a level 2 spell: Searing Ray
   426 | D:1      | Reached skill level 1 in Fighting
   603 | D:1      | Reached XP level 3. HP: 28/28 MP: 0/6
  1762 | D:2      | Found a shadowy altar of Dithmenos.
  2446 | D:3      | Noticed Ijyb
  2644 | D:3      | Noticed Jessica
  2658 | D:3      | Killed Jessica
  2659 | D:3      | Reached XP level 4. HP: 34/36 MP: 1/7
  2723 | D:3      | Noticed Natasha
  2738 | D:3      | Killed Natasha
  2999 | D:3      | Noticed Natasha
  3010 | D:3      | Killed Natasha
  3011 | D:3      | Reached skill level 1 in Short Blades
  3011 | D:3      | Reached XP level 5. HP: 31/41 MP: 2/9
  3031 | D:3      | Noticed Natasha
  3279 | D:3      | Got the Codex of the Graveyard and Putrescence
  3404 | D:3      | Killed Natasha
  3560 | D:3      | You fall into a shaft and drop 2 floors!
  3560 | D:5      | Entered Level 5 of the Dungeon
  3583 | D:5      | Noticed a centaur
  3591 | D:5      | Killed a centaur
  3592 | D:5      | Reached XP level 6. HP: 43/50 MP: 10/10
  3711 | D:4      | Reached skill level 5 in Conjurations
  3796 | D:4      | Found a staircase to the Ecumenical Temple.
  3808 | Temple   | Entered the Ecumenical Temple
  3998 | Temple   | Became a worshipper of Nemelex Xobeh the Trickster
  4081 | D:4      | Noticed Edmund
  4129 | D:3      | Killed Ijyb
  4291 | D:4      | Noticed Sigmund
  4396 | D:4      | Your scales start taking on a pale cyan-grey colour.
  4396 | D:4      | Reached XP level 7. HP: 57/57 MP: 5/12
  4396 | D:4      | Gained mutation: You are immune to the effects of steam.
                  | [Pale Draconian growth]
  4468 | D:4      | Reached skill level 1 in Invocations
  4468 | D:4      | Reached skill level 1 in Evocations
  4562 | D:4      | Found a snail-covered altar of Cheibriados.
  4676 | D:4      | Killed Sigmund
  4822 | D:4      | Reached skill level 1 in Fire Magic
  4890 | D:4      | Killed Edmund
  4891 | D:4      | Reached skill level 1 in Throwing
  5672 | D:5      | Reached XP level 8. HP: 66/66 MP: 6/14
  5737 | D:5      | Noticed Pikel
  5743 | D:5      | Killed Pikel
  5744 | D:5      | Reached skill level 1 in Necromancy
  5744 | D:5      | Reached skill level 1 in Earth Magic
  6314 | D:5      | Reached * piety under Nemelex Xobeh
  6680 | D:6      | Found a blossoming altar of Fedhas.
  6682 | D:6      | Found an ancient bone altar of Kikubaaqudgha.
  6693 | D:6      | Found a basalt altar of Yredelemnul.
  6742 | D:6      | Found a transporter.
  6745 | D:6      | Found a transporter.
  6745 | D:6      | Noticed pigah's ghost (amateur OpWn)
  7003 | D:6      | Reached XP level 9. HP: 73/73 MP: 9/15
  7299 | D:6      | Reached skill level 5 in Fighting
  7299 | D:6      | Reached skill level 1 in Polearms
  7447 | D:6      | Found a glowing silver altar of Zin.
  7890 | D:7      | Received a gift from Nemelex Xobeh
  8616 | D:7      | Reached skill level 5 in Spellcasting
  8874 | D:7      | Reached skill level 5 in Dodging
  9123 | D:7      | Reached ** piety under Nemelex Xobeh
  9175 | D:7      | Found a runed translucent door.
  9175 | D:7      | Noticed Bediveer's ghost (amateur TrMo)
  9383 | D:7      | Found a sacrificial altar of Ru.
  9509 | D:8      | Noticed Joseph
  9988 | D:8      | Reached XP level 10. HP: 83/83 MP: 10/17
 10221 | D:8      | Noticed a cyclops
 10766 | D:8      | Found a shadowy altar of Dithmenos.
 10766 | D:8      | Found a white marble altar of Elyvilon.
 10973 | D:8      | Killed Joseph
 11045 | D:9      | Received a gift from Nemelex Xobeh
 11291 | D:8      | Killed a cyclops
 11292 | D:8      | Reached skill level 5 in Invocations
 11768 | D:9      | Noticed a two-headed ogre
 11789 | D:9      | Killed a two-headed ogre
 11891 | D:9      | Found a burning altar of Makhleb.
 11891 | D:9      | Noticed a green death
 11894 | D:9      | Noticed a smoke demon
 12403 | D:10     | Entered Level 10 of the Dungeon
 12406 | D:10     | Identified a scroll of acquirement
 12406 | D:10     | Acquired the amulet "Lucoj" {Acrobat Will++ rCorr Int-2
                  | Slay+3}
 12735 | D:10     | Reached skill level 5 in Necromancy
 12735 | D:10     | Reached XP level 11. HP: 91/91 MP: 12/20
 12743 | D:10     | Reached skill level 5 in Earth Magic
 12903 | D:10     | Found a staircase to the Lair.
 12938 | D:10     | Received a gift from Nemelex Xobeh
 13046 | D:10     | Noticed Psyche
 13052 | D:10     | Killed Psyche
 13160 | D:10     | Reached *** piety under Nemelex Xobeh
 13608 | D:10     | Noticed Urug
 13609 | D:10     | Urug changed into Urug the shining eye
 13609 | D:10     | Noticed Urug
 14077 | D:11     | Found a staircase to the Orcish Mines.
 14120 | D:11     | Received a gift from Nemelex Xobeh
 14535 | D:11     | Noticed a deep elf pyromancer
 14545 | D:11     | Killed a deep elf pyromancer
 14857 | D:11     | Noticed a brown ugly thing
 14884 | D:11     | Killed a brown ugly thing
 15240 | D:11     | Reached skill level 5 in Polearms
 15856 | Orc:1    | Entered Level 1 of the Orcish Mines
 16451 | Orc:1    | Noticed Jorgrun
 16465 | Orc:1    | Killed Jorgrun
 16465 | Orc:1    | Noticed Harold
 16499 | Orc:1    | Killed Harold
 16500 | Orc:1    | Reached XP level 12. HP: 83/102 MP: 1/22
 16583 | Orc:1    | Found a dark tunnel.
 16592 | Volcano  | Entered a volcano
 16619 | Volcano  | Received a gift from Nemelex Xobeh
 16633 | Volcano  | Noticed a centaur warrior
 16649 | Volcano  | Killed a centaur warrior
 17545 | Orc:2    | Entered Level 2 of the Orcish Mines
 18010 | Orc:2    | Noticed Donald
 18275 | Orc:2    | Killed Donald
 18583 | Orc:2    | Learned a level 5 spell: Borgnjor's Vile Clutch
 18695 | Orc:2    | Found a staircase to the Elven Halls.
 18937 | Orc:2    | Noticed an orc high priest
 19074 | Orc:2    | Killed an orc high priest
 19167 | Orc:2    | Learned a level 4 spell: Iskenderun's Mystic Blast
 19230 | Orc:2    | Reached **** piety under Nemelex Xobeh
 19262 | Orc:2    | Noticed an orc high priest
 19294 | Orc:2    | Reached skill level 1 in Shields
 19485 | Orc:2    | Killed an orc high priest
 19960 | Orc:2    | Noticed an orc high priest
 19996 | Orc:2    | Noticed an orc high priest
 20005 | Orc:2    | Killed an orc high priest
 20776 | Orc:2    | Killed an orc high priest
 20908 | Orc:2    | Noticed an orc high priest
 20909 | Orc:2    | Noticed an orc high priest
 20914 | Orc:2    | Killed an orc high priest
 20925 | Orc:2    | Killed an orc high priest
 20950 | Orc:2    | Found Abrocul's Antique Weapon Emporium.
 20950 | Orc:2    | Found Bududaar's Antique Armour Emporium.
 20951 | Orc:2    | Found Mayd's General Store.
 20951 | Orc:2    | Found Vuacoqu's Assorted Antiques.
 21136 | Lair:1   | Entered Level 1 of the Lair of Beasts
 21345 | Lair:1   | Reached XP level 13. HP: 106/111 MP: 3/24
 22152 | Lair:2   | Noticed Amaemon
 22152 | Lair:2   | Found a staircase to the Swamp.
 22938 | Lair:2   | Killed Amaemon
 23692 | Lair:2   | Noticed Fannar
 23761 | Lair:2   | Killed Fannar
 24085 | Lair:2   | Received a gift from Nemelex Xobeh
 24724 | Lair:3   | Reached ***** piety under Nemelex Xobeh
 24827 | Lair:3   | You fall into a shaft and drop 2 floors!
 24827 | Lair:5   | Entered Level 5 of the Lair of Beasts
 25216 | Lair:3   | Reached skill level 10 in Conjurations
 25875 | Lair:3   | Received a gift from Nemelex Xobeh
 25916 | Lair:3   | Found a hole to the Spider Nest.
 26470 | Lair:4   | Reached XP level 14. HP: 119/119 MP: 4/26
 27251 | Lair:4   | Received a gift from Nemelex Xobeh
 27620 | Lair:4   | Received a gift from Nemelex Xobeh
 27932 | Lair:5   | Reached skill level 10 in Fighting
 29691 | Lair:5   | Found a large runed translucent door.
 29699 | Lair:5   | Received a gift from Nemelex Xobeh
 29833 | Lair:5   | Found a large runed translucent door.
 30084 | Lair:5   | Reached skill level 10 in Earth Magic
 30251 | Lair:5   | Found a viscous altar of Jiyva.
 30251 | Lair:5   | Found a staircase to the Slime Pits.
 30304 | Lair:5   | Reached skill level 5 in Shields
 30582 | Lair:5   | Reached skill level 10 in Necromancy
 30854 | D:10     | Gained mutation: You are occasionally teleported next to
                  | monsters. [Urug]
 30855 | D:10     | Gained mutation: You are often teleported next to monsters.
                  | [Urug]
 30859 | D:10     | Killed Urug the shining eye
 30863 | D:10     | Lost mutation: You are often teleported next to monsters.
                  | [potion of mutation]
 30863 | D:10     | Lost mutation: You are occasionally teleported next to
                  | monsters. [potion of mutation]
 30863 | D:10     | Gained mutation: You passively dampen the noise of your
                  | surroundings. [potion of mutation]
 30863 | D:10     | Gained mutation: You are agile. (Dex +4, Str/Int -1)
                  | [potion of mutation]
 31351 | D:10     | Found a runed translucent door.
 31353 | D:10     | Found a runed translucent door.
 31353 | D:10     | Found a runed translucent door.
 31613 | D:10     | Identified the +7 ring mail of the Circus Animal {rN+ Will+
                  | Dex+4 Stlth-}
 31646 | D:10     | Slain by a sun demon

Illustrated notes

Levels and vault maps discovered:
D:1:      matt_arrival_spirals, layout_basic,
          chequers_ecumenical_altar_simple_redux, dreamdust_wishing_well
D:2:      layout_loops_corners, basic_altar
D:3:      layout_rooms, uniq_jessica, uniq_ijyb, uniq_natasha
D:4:      layout_basic, general_overflow_altar,
          minmay_temple_entry_antechambers, uniq_sigmund, uniq_edmund
D:5:      layout_loops_ring, kennysheep_generic_room_11, uniq_pikel
D:6:      layout_gridville, yredelemnul_altar_generic, lemuel_round_altar,
          grunt_temple_overflow_growth_and_decay, gammafunk_ghost_arena
D:7:      layout_loops_ring, nicolae_ru_path_of_blood,
          hellmonk_ghost_happy_afterlife, minivault_14, st_stairs_11
D:8:      layout_loops_ring, amethyst_overflow_temple_binary, uniq_joseph
D:9:      layout_basic, makhleb_altar_promises_db, grunt_ministairs_15,
          hangedman_decor_clover_reticule
D:10:     minmay_the_grid_triangle_9x9_rhombus_full
          [minmay_the_grid_triangle_9x9_negative_grid,
          minmay_the_grid_triangle_9x9_corruption,
          minmay_the_grid_triangle_9x9_shrine,
          minmay_the_grid_triangle_9x9_skeleton,
          minmay_the_grid_triangle_9x9_steps,
          minmay_the_grid_triangle_9x9_empty,
          minmay_the_grid_triangle_9x9_fully_insulated_deathbox,
          minmay_the_grid_triangle_9x9_prize_insulated], layout_irregular_city,
          uniq_psyche, uniq_urug
D:11:     layout_irregular_city, orc_0_dummy, chequers_decorated_corner,
          minmay_rotating_lava
Temple:   nicolae_temple_bog_church
Lair:1:   layout_big_grid
Lair:2:   layout_cave_pods, skrybe_swamp_entry_bodies, beast_lair_carwin_7,
          serial_bayou_shore_b, uniq_amaemon, uniq_fannar
Lair:3:   layout_misc_corridors, spider_nest_entry_a, bobbens_dragon_lair_wall
Lair:4:   layout_misc_corridors
Lair:5:   cheibrodos_lair_end_hotspot, layout_big_grid,
          nicolae_slime_entry_slimehenge, lemuel_fruit_fields,
          infiniplex_staircase_pool
Orc:1:    layout_diamond_mine, nicolae_volcano_entry_hallway,
          david_defended_altar_orc, uniq_jorgrun, uniq_harold
Orc:2:    st_orc_pillars, layout_diamond_mine, uniq_donald

Skill      XL: |  1  2  3  4  5  6  7  8  9 10 11 12 13 14 |
---------------+-------------------------------------------+-----
Dodging        | 2 3 4 5 6 7 8 9 |  9.0
Fighting       | 1 2 3 4 5 6 8 9 10 | 10.5
Short Blades   | 1 2 |  2.0
Spellcasting   | 3 4 5 6 7 8 9 |  9.1
Conjurations   | 5 6 7 8 9 10 | 10.6
Invocations    | 2 3 4 5 6 7 |  7.0
Evocations     | 2 3 |  3.0
Fire Magic     | 1 2 3 |  3.0
Throwing       | 1 2 3 |  3.0
Necromancy     | 2 3 5 6 7 9 10 | 10.3
Earth Magic    | 2 3 4 6 7 9 10 | 10.4
Polearms       | 2 4 5 6 7 |  7.0
Shields        | 2 4 5 |  5.3
Stealth        | |  1.7

Action                     |  1- 3 |  4- 6 |  7- 9 | 10-12 | 13-15 || total
---------------------------+-------+-------+-------+-------+-------++-------
  Melee: Hand axe          |    21 |       |       |       |       ||    21
         Tailslap          |     3 |     3 |     5 |    16 |    53 ||    80
         Dagger            |     1 |    29 |    39 |    79 |   164 ||   312
         Punch             |       |       |       |     4 |     6 ||    10
         Trident           |       |       |       |       |   120 ||   120
         Staff             |       |       |       |       |     5 ||     5
  Throw: Dart              |       |       |    11 |    29 |    18 ||    58
         Throwing net      |       |       |     3 |     4 |       ||     7
         Boomerang         |       |       |       |       |    10 ||    10
         Javelin           |       |       |       |       |     2 ||     2
   Cast: Magic Dart        |    71 |    39 |   138 |   204 |   147 ||   599
         Searing Ray       |     6 |    17 |    69 |   195 |   142 ||   429
         Borgnjor's Vile C |       |       |       |     9 |    89 ||    98
         Iskenderun's Myst |       |       |       |       |     3 ||     3
 Invoke: Draw Destruction  |       |       |       |     8 |     4 ||    12
         Draw Summoning    |       |       |       |     1 |     1 ||     2
Ability: Breathe Steam     |       |       |     2 |     6 |       ||     8
  Evoke: Wand              |       |       |     3 |    28 |     5 ||    36
    Use: Scroll            |       |     7 |    17 |    11 |     4 ||    39
         Potion            |       |       |       |     2 |     2 ||     4
   Stab: Held in net/web   |       |       |     1 |     1 |       ||     2
         Sleeping          |       |       |       |     1 |     1 ||     2
         Distracted        |       |       |       |       |     1 ||     1
 Armour: Skin              |     8 |    16 |    63 |   144 |   216 ||   447
  Dodge: Dodged            |    23 |    32 |   100 |   424 |   648 ||  1227

Table legend: (Time is in decaauts)
 A = Elapsed time spent in this place.
 B = Non-inter-level travel time spent in this place.
 C = Inter-level travel time spent in this place.
 D = Time resting spent in this place.
 E = Time spent auto-exploring this place.
 F = Levels seen in this place.
 G = Mean time per level.
                   A        B        C        D        E       F      G
               +--------+--------+--------+--------+--------+-----+--------+
         Total |  31636 |  30409 |   1227 |   8115 |  16608 |  20 | 1581.8 |
       Dungeon |  16507 |  15842 |    665 |   3333 |   9778 |  11 | 1500.6 |
        Temple |    212 |    177 |     35 |      0 |    164 |   1 |  212.0 |
          Lair |   9690 |   9323 |    367 |   2831 |   4704 |   5 | 1938.0 |
  Orcish Mines |   4647 |   4487 |    160 |   1615 |   1893 |   2 | 2323.5 |
       Volcano |    578 |    578 |      0 |    336 |     67 |   1 |  578.0 |
               +--------+--------+--------+--------+--------+-----+--------+

Top non-repeatable levels by time:
   Orc:2: 3245 daAuts
  Lair:2: 2699 daAuts
    D:10: 2392 daAuts
  Lair:5: 2358 daAuts
    D:11: 1861 daAuts
  Lair:4: 1839 daAuts
  Lair:3: 1753 daAuts
     D:8: 1745 daAuts
     D:7: 1707 daAuts
     D:2: 1478 daAuts
     D:6: 1431 daAuts
   Orc:1: 1402 daAuts
     D:4: 1322 daAuts
     D:1: 1210 daAuts
     D:9: 1208 daAuts
